 Dungeon Crawl Stone Soup version 0.29-a0-1042-g87b1fcd763 (webtiles) character file.

Game seed: 2645306448173631185

68 ketsa the Grave Robber (level 4, -10/21 HPs)
             Began as a Vine Stalker Necromancer on Aug 15, 2022.
             Killed by divine providence
             ... invoked by an orc priest
              (13 damage)
             ... on level 3 of the Dungeon.
             The game lasted 00:08:41 (2671 turns).

ketsa the Grave Robber (Vine Stalker Necromancer)   Turns: 2671, Time: 00:08:42

Health: -10/21     AC:  2    Str: 10    XL:     4   Next: 19%
Magic:  0/9        EV: 12    Int: 17    God:
Gold:   138        SH:  0    Dex: 15    Spells: 7/9 levels left

rFire   . . .      SeeInvis .     - Unarmed
rCold   . . .      Faith    .   (no shield)
rNeg    . . .      Spirit   +   a - +0 robe
rPois   .          Reflect  .   (no helmet)
rElec   .          Harm     .   (no cloak)
rCorr   .          Rampage  .   (no gloves)
Will    .....                   (no boots)
Stlth   ++........              (no amulet)
HPRegen 0.87/turn               (no ring)
MPRegen 0.11/turn               (no ring)

@: no status effects
A: fangs 2, regeneration 1, magic shield, antimagic bite, no potion heal 2
a: no special abilities


You were on level 3 of the Dungeon.
You visited 1 branch of the dungeon, and saw 3 of its levels.

You collected 138 gold pieces.

Inventory:

Hand Weapons
 m - a +0 sling
Armour
 a - a +0 robe (worn)
 d - a +0 buckler of protection
 l - a +0 helmet
Jewellery
 g - a ring of ice
Wands
 p - a wand of digging (7)
Scrolls
 e - a scroll of acquirement {unknown}
 h - a scroll of fear {unknown}
 i - a scroll of magic mapping {unknown}
 j - a scroll of teleportation {unknown}
 k - 3 scrolls of enchant weapon {unknown}
 o - a scroll of identify {unknown}
Potions
 b - a potion of magic
 c - 3 potions of curing {unknown}
 f - 3 potions of mutation {unknown}
 n - a potion of ambrosia {unknown}


   Skills:
 - Level 1.6 Dodging
 - Level 2.5 Stealth
 - Level 1.5 Unarmed Combat
 + Level 3.1 Spellcasting
 * Level 0.1 Conjurations
 - Level 4.6 Necromancy


You had 7 spell levels left.
You knew the following spells:

 Your Spells              Type           Power      Damage    Failure   Level
a - Necrotise             Necr           72%        1d7       2%          1
b - Magic Dart            Conj           12%        1d3       16%         1

Your spell library contained the following spells:

 Spells                   Type           Power      Damage    Failure   Level
 Vampiric Draining        Necr           18%        2d7       8%          3
 Sandblast                Erth           4%         2d4       17%         1
 Searing Ray              Conj           6%         2d4       24%         2
 Passwall                 Tmut/Erth      1%         N/A       26%         2
 Animate Dead             Necr           18%        N/A       26%         4
 Stone Arrow              Conj/Erth      4%         3d7       45%         3
 Agony                    Necr           18%        N/A       58%         5
 Fulminant Prism          Conj/Hex       1%         3d6       86%         4


Dungeon Overview and Level Annotations

Branches:
Dungeon (3/15)

Altars:

Shops:
D:3 :


Innate Abilities, Weirdness & Mutations

You have extremely sharp teeth.
Your natural rate of healing is unusually fast.
When hurt, damage is shared between your health and your magic reserves.
Your bite disrupts and absorbs the magic of your enemies.
Potions cannot restore your health.


Message History

Aim: an orc, wielding a +0 club (chance to affect: 88%)
The orc writhes in agony.
Casting: Necrotise (safe; 2% risk of failure)
Confirm with . or Enter, or press ? or * to list all spells.
Aiming: Necrotise (safe; 2% risk of failure)
Press: ? - help, Shift-Dir - straight line, f/p - orc
Aim: an orc, wielding a +0 club (heavily wounded, chance to affect: 88%)
The orc writhes in agony.
The orc hits you with a +0 club.
Casting: Necrotise (safe; 2% risk of failure)
Confirm with . or Enter, or press ? or * to list all spells.
Aiming: Necrotise (safe; 2% risk of failure)
Press: ? - help, Shift-Dir - straight line, f/p - orc
Aim: an orc, wielding a +0 club (severely wounded, chance to affect: 88%)
The orc writhes in agony.
You kill the orc!
The dead are walking!
Casting: Necrotise (safe; 2% risk of failure)
Confirm with . or Enter, or press ? or * to list all spells.
Aiming: Necrotise (safe; 2% risk of failure)
Press: ? - help, Shift-Dir - straight line, f - orc priest
Aim: an orc priest, wielding a +0 trident and wearing a +0 chain mail (chance to affect: 76%)
The orc priest writhes in agony.
Casting: Necrotise (safe; 2% risk of failure)
Confirm with . or Enter, or press ? or * to list all spells.
Aiming: Necrotise (safe; 2% risk of failure)
Press: ? - help, Shift-Dir - straight line, f/p - orc priest
Aim: an orc priest, wielding a +0 trident and wearing a +0 chain mail (lightly wounded, ally target, chance to affect: 76%)
The orc priest barely resists.
Your orc skeleton hits the orc priest but does no damage.
The orc priest calls down the wrath of Beogh upon you.
Beogh smites you!
Ouch! That really hurt!
The orc priest invokes the aid of Beogh against you.
Pain shoots through your body!
* * * LOW HITPOINT WARNING * * *
Your orc skeleton barely misses the orc priest.
The orc priest invokes the aid of Beogh against you.
Beogh smites you!
Ouch! That really hurt!
You die...

###....#.....####.........
###......####.....#####
##..####....Z..#####.#.#
####......o..........#
####........#######.#.
###..####.....(#
###......####....#
###..........####..#
.......# #......@..#
.....#.# #.#...##..#
####.#.# ..... ##.#
#<...#.# ..#.#. #.#
######.#####.#.. #†#
.......(.....#.. #.#
#######.######..##.#
........######...#.#
#####.......##.....#


You could see an orc priest (ally target) and a friendly orc skeleton.

Vanquished Creatures
  4 adders (D:2)
  2 worms (D:2)
  An orc (D:3)
  An endoplasm (D:1)
  A giant cockroach (D:3)
  3 goblins
  2 hobgoblins
  A jackal (D:2)
  4 kobolds
  A ball python (D:2)
  2 bats
  2 frilled lizards
  2 rats
26 creatures vanquished.

Vanquished Creatures (collateral kills)
  A hobgoblin (D:2)
  A frilled lizard (D:3)
2 creatures vanquished.

Vanquished Creatures (others)
  4 toadstools (D:1)
4 creatures vanquished.

Grand Total: 32 creatures vanquished

Notes
Turn   | Place    | Note
-------+----------+-------------------------------------------
     0 | D:1      | ketsa the Vine Stalker Necromancer began the quest for the
                  | Orb.
     0 | D:1      | Reached XP level 1. HP: 9/9 MP: 4/4
   433 | D:1      | Found a faded altar of an unknown god.
   984 | D:2      | Reached XP level 2. HP: 13/13 MP: 4/6
  1609 | D:2      | Reached skill level 1 in Unarmed Combat
  1609 | D:2      | Reached XP level 3. HP: 10/16 MP: 4/8
  2239 | D:2      | Gained mutation: Your natural rate of healing is unusually
                  | fast. [Vine Stalker growth]
  2239 | D:2      | Reached XP level 4. HP: 20/21 MP: 3/9
  2510 | D:3      | Found Afuownit's Book Shoppe.
  2565 | D:3      | Learned a level 1 spell: Magic Dart
  2671 | D:3      | Killed from afar by an orc priest

Illustrated notes

Levels and vault maps discovered:
D:1:      ldierk_walled_garden_2, layout_basic,
          shapermc_ecumenical_altar_acropolis, glass_columns_a
D:2:      minmay_diamond_boxcup, layout_loops_corners, nicolae_hexahallways
D:3:      layout_basic, okawaru_metal_pillars_1_2, serial_shops,
          nicolae_square_shop, st_stairs_7, minmay_misc_feat_x,
          grunt_decor_mini_mirrors, nicolae_kite_square_tiling_tiny,
          kennysheep_orc_chapel

Skill      XL: |  1  2  3 |
---------------+----------+-----
Unarmed Combat | 1 |  1.5
Spellcasting   | 3 |  3.1
Dodging        | |  1.6
Stealth        | |  2.5
Conjurations   | |  0.1
Necromancy     | |  4.6

Action                   |  1- 3 |  4- 6 || total
-------------------------+-------+-------++-------
Melee: Unarmed           |    11 |    16 ||    27
       Bite              |     1 |     6 ||     7
       Dagger            |     1 |       ||     1
 Fire: Sling             |    15 |     5 ||    20
 Cast: Necrotise         |    36 |    14 ||    50
 Stab: Sleeping          |     1 |       ||     1
Armor: Robe              |     2 |     8 ||    10
Dodge: Dodged            |    22 |    15 ||    37

Table legend: (Time is in decaauts)
 A = Elapsed time spent in this place.
 B = Non-inter-level travel time spent in this place.
 C = Inter-level travel time spent in this place.
 D = Time resting spent in this place.
 E = Time spent auto-exploring this place.
 F = Levels seen in this place.
 G = Mean time per level.
                   A        B        C        D        E       F      G
               +--------+--------+--------+--------+--------+-----+--------+
         Total |   2678 |   2605 |     73 |    795 |   1195 |   3 |  892.7 |
       Dungeon |   2678 |   2605 |     73 |    795 |   1195 |   3 |  892.7 |
               +--------+--------+--------+--------+--------+-----+--------+

Top non-repeatable levels by time:
     D:2: 1804 daAuts
     D:1: 682 daAuts
     D:3: 191 daAuts
